 Dungeon Crawl Stone Soup version 0.25.0-9-g26727b657a (webtiles) character file.

Game seed: 8514267032890148389

112 Name63 the Magician (level 4, 0/32 HPs)
             Began as a Gnoll Wizard on June 19, 2020.
             Slain by Sigmund
             ... wielding a +0 scythe
              (14 damage)
             ... on level 3 of the Dungeon.
             The game lasted 00:03:47 (2772 turns).

Name63 the Magician (Gnoll Wizard)                  Turns: 2772, Time: 00:03:48

Health: 0/32       AC:  2    Str:  9    XL:     4   Next: 95%
Magic:  13/13      EV: 14    Int: 21    God:
Gold:   138        SH:  0    Dex: 14    Spells: 8/17 levels left

rFire    . . .     SeeInvis .   w - +1 dagger (venom)
rCold    . . .     Gourm    .   (no shield)
rNeg     + . .     Faith    .   f - +0 robe
rPois    .         Spirit   .   b - +0 hat
rElec    .         Reflect  .   (no cloak)
rCorr    .         Harm     .   (no gloves)
MR       .....                  (no boots)
Stlth    +++.......             (no amulet)
HPRegen  0.10/turn              g - ring of positive energy
MPRegen  0.13/turn              (no ring)

@: no status effects
A: distributed training, fangs 1, strong nose
a: no special abilities


You were on level 3 of the Dungeon.
You were not hungry.

You visited 1 branch of the dungeon, and saw 3 of its levels.

You collected 138 gold pieces.

Inventory:

Hand Weapons
 a - a +0 short sword of electrocution
 w - a +1 dagger of venom (weapon)
Missiles
 h - 42 arrows
 j - 19 sling bullets
 k - 149 stones (quivered)
 r - 4 curare-tipped darts
 u - 7 atropa-tipped darts
Armour
 b - a +0 hat (worn)
 f - a +0 robe (worn)
Jewellery
 g - a ring of positive energy (left hand)
Wands
 v - a wand of random effects (12)
Scrolls
 e - 3 scrolls of remove curse {unknown}
 i - a scroll of identify {unknown}
 o - a scroll of enchant weapon {unknown}
 p - 2 scrolls of random uselessness {unknown}
 t - a scroll of enchant armour {unknown}
Potions
 c - a potion of flight {unknown}
 l - a potion of degeneration {unknown}
 n - a potion of might {unknown}
 q - 3 potions of curing {unknown}
 s - a potion of brilliance {unknown}
Comestibles
 d - 7 rations
 m - a chunk of flesh


   Skills:
 + Level 1.2 Fighting
 + Level 1.2 Short Blades
 + Level 1.2 Long Blades
 + Level 1.2 Axes
 + Level 1.2 Maces & Flails
 + Level 1.2 Polearms
 + Level 1.2 Staves
 + Level 1.2 Slings
 + Level 1.2 Bows
 + Level 1.2 Crossbows
 + Level 1.2 Throwing
 + Level 1.2 Armour
 + Level 4.7 Dodging
 + Level 4.3 Stealth
 + Level 1.2 Shields
 + Level 1.2 Unarmed Combat
 + Level 7.2 Spellcasting
 + Level 2.3 Conjurations
 + Level 1.0 Hexes
 + Level 1.0 Charms
 + Level 2.3 Summonings
 + Level 1.0 Necromancy
 + Level 2.3 Translocations
 + Level 1.0 Transmutations
 + Level 1.0 Fire Magic
 + Level 1.0 Ice Magic
 + Level 1.0 Air Magic
 + Level 1.0 Earth Magic
 + Level 1.0 Poison Magic
 + Level 1.4 Invocations
 + Level 1.2 Evocations


You had 8 spell levels left.
You knew the following spells:

 Your Spells              Type           Power        Failure   Level  Hunger
a - Magic Dart            Conj           ###.         3%          1    None
b - Blink                 Tloc           N/A          4%          2    None
c - Mephitic Cloud        Conj/Pois/Air  ##......     14%         3    None
d - Conjure Flame         Conj/Fire      ##......     13%         3    None

Your spell library contained the following spells:

 Spells                   Type           Power        Failure   Level  Hunger
 Call Imp                 Summ           ###.....     4%          2    None
 Slow                     Hex            ##......     9%          2    None


Dungeon Overview and Level Annotations

Branches:
Dungeon (3/15)

Altars:
Qazlal

Annotations:
D:3 Sigmund


Innate Abilities, Weirdness & Mutations

Your experience applies equally to all skills.
You have very sharp teeth.
Your uncanny sense of smell can sniff out nearby items.


Message History

Something hits you.
Evoke which item? (* to show all) (? for menu, Esc to quit)
Aiming: Random Effects
Press: ? - help, Shift-Dir - straight line, f - you That beam is likely to hit you.
Continue anyway? [Y]es or [N]o only, please.
That beam is likely to hit you.
Continue anyway?
Okay, then.
Evoke which item? (* to show all) (? for menu, Esc to quit)
Aiming: Random Effects
Press: ? - help, Shift-Dir - straight line The fireball explodes!
The fireball engulfs something!
The fireball engulfs you!
Ouch! That really hurt!
Unknown command.
Evoke which item? (* to show all) (? for menu, Esc to quit)
Aiming: Random Effects
Press: ? - help, Shift-Dir - straight line Nothing appears to happen.
Something hits you!
You die...

#.# ##. #.#...
#.#..# ##.#..####
..#.....
#####....... .#
#...{..# #.#####
.# #@.#
#.....###.#
#############
##.###.........###
.......##...#
#................
.........)..###
###.#..........#
.....<.###....#
#.#..........#
.......# #..#.###
#.##.........#
....##.# #......#
#.##.........##
.).###.####.#.#.#
#.##.....<.....
.รท..........#.#.#
#..............


There were no monsters in sight!

Vanquished Creatures
  Terence (D:3)
  4 adders (D:2)
  An ooze (D:2)
  A leopard gecko (D:2)
  10 bats
  5 giant cockroaches
  5 goblins
  5 hobgoblins (D:1)
  2 quokkas
  2 frilled lizards (D:1)
  4 kobolds
  8 rats
48 creatures vanquished.

Notes
Turn   | Place    | Note
-------+----------+-------------------------------------------
     0 | D:1      | Name63 the Gnoll Wizard began the quest for the Orb.
     0 | D:1      | Reached XP level 1. HP: 13/13 MP: 8/8
   291 | D:1      | Reached XP level 2. HP: 19/19 MP: 7/10
   906 | D:1      | HP: 1/20 [kobold/+0 short sword of electrocution (18)]
  1339 | D:1      | Reached XP level 3. HP: 25/25 MP: 11/11
  1724 | D:2      | Reached skill level 1 in Invocations
  1832 | D:2      | Reached skill level 1 in Fighting
  1832 | D:2      | Reached skill level 1 in Short Blades
  1832 | D:2      | Reached skill level 1 in Long Blades
  1832 | D:2      | Reached skill level 1 in Axes
  1832 | D:2      | Reached skill level 1 in Maces & Flails
  1832 | D:2      | Reached skill level 1 in Polearms
  1832 | D:2      | Reached skill level 1 in Staves
  1832 | D:2      | Reached skill level 1 in Slings
  1832 | D:2      | Reached skill level 1 in Bows
  1832 | D:2      | Reached skill level 1 in Crossbows
  1832 | D:2      | Reached skill level 1 in Throwing
  1832 | D:2      | Reached skill level 1 in Armour
  1832 | D:2      | Reached skill level 1 in Shields
  1832 | D:2      | Reached skill level 1 in Unarmed Combat
  1832 | D:2      | Reached skill level 1 in Evocations
  1836 | D:2      | Learned a level 2 spell: Blink
  1840 | D:2      | Learned a level 3 spell: Mephitic Cloud
  1844 | D:2      | Learned a level 3 spell: Conjure Flame
  1975 | D:2      | Reached XP level 4. HP: 32/32 MP: 13/13
  2093 | D:2      | Found a stormy altar of Qazlal.
  2619 | D:3      | Noticed Terence
  2634 | D:3      | Killed Terence
  2634 | D:3      | Reached skill level 1 in Hexes
  2634 | D:3      | Reached skill level 1 in Charms
  2634 | D:3      | Reached skill level 1 in Necromancy
  2634 | D:3      | Reached skill level 1 in Transmutations
  2634 | D:3      | Reached skill level 1 in Fire Magic
  2634 | D:3      | Reached skill level 1 in Ice Magic
  2634 | D:3      | Reached skill level 1 in Air Magic
  2634 | D:3      | Reached skill level 1 in Earth Magic
  2634 | D:3      | Reached skill level 1 in Poison Magic
  2756 | D:3      | Noticed Sigmund
  2772 | D:3      | Slain by Sigmund

Illustrated notes

Levels and vault maps discovered:
D:1:      dpeg_arrival_rhombus, layout_basic
D:2:      layout_loops_cross, lemuel_round_altar, first_ration
D:3:      layout_loops_ring, chequers_temple_overflow_minitemple,
          chequers_ecumenical_altar_twisty, kennysheep_minor_cross,
          uniq_natasha, uniq_crazy_yiuf_cottage, uniq_sigmund, uniq_terence

Skill      XL: |  1  2  3  4 |
---------------+-------------+-----
Conjurations   | 2 |  2.3
Summonings     | 2 |  2.3
Translocations | 2 |  2.3
Invocations    | 1 |  1.4
Fighting       | 1 |  1.2
Short Blades   | 1 |  1.2
Long Blades    | 1 |  1.2
Axes           | 1 |  1.2
Maces & Flails | 1 |  1.2
Polearms       | 1 |  1.2
Staves         | 1 |  1.2
Slings         | 1 |  1.2
Bows           | 1 |  1.2
Crossbows      | 1 |  1.2
Throwing       | 1 |  1.2
Armour         | 1 |  1.2
Shields        | 1 |  1.2
Unarmed Combat | 1 |  1.2
Evocations     | 1 |  1.2
Hexes          | 1 |  1.0
Charms         | 1 |  1.0
Necromancy     | 1 |  1.0
Transmutations | 1 |  1.0
Fire Magic     | 1 |  1.0
Ice Magic      | 1 |  1.0
Air Magic      | 1 |  1.0
Earth Magic    | 1 |  1.0
Poison Magic   | 1 |  1.0
Dodging        | |  4.7
Stealth        | |  4.3
Spellcasting   | |  7.2

Action                   |  1- 3 |  4- 6 || total
-------------------------+-------+-------++-------
Melee: Dagger            |    64 |    39 ||   103
       Bite              |     9 |     4 ||    13
       Punch             |     1 |       ||     1
 Cast: Magic Dart        |    16 |       ||    16
Evoke: Wand              |       |     9 ||     9
 Stab: Sleeping          |     6 |     5 ||    11
  Eat: Chunk             |     3 |     3 ||     6
Armor: Robe              |     6 |     9 ||    15
Dodge: Dodged            |    54 |    35 ||    89
